 Dungeon Crawl Stone Soup version 0.25-a0-719-gde951dce62 (webtiles) character file.

Game seed: 12905941951127992278, levelgen mode: deterministic

618 DavidChitty2 the Chiller (level 7, -4/46 HPs)
             Began as a Merfolk Ice Elementalist on Apr 6, 2020.
             Slain by a wyvern zombie (12 damage)
             ... on level 6 of the Dungeon.
             The game lasted 00:11:39 (5808 turns).

DavidChitty2 the Chiller (Merfolk Ice Elementalist) Turns: 5808, Time: 00:11:41

Health: -4/46      AC:  5    Str:  9    XL:     7   Next: 45%
Magic:  4/12       EV: 14    Int: 16    God:
Gold:   298        SH:  0    Dex: 14    Spells: 5/13 levels left

rFire    . . .     SeeInvis .   b - +0 long sword
rCold    . . .     Gourm    .   (no shield)
rNeg     . . .     Faith    .   k - +0 leather armour
rPois    .         Spirit   .   (no helmet)
rElec    .         Reflect  .   t - +0 cloak
rCorr    .         Harm     .   r - +0 pair of gloves
MR       .....                  (no boots)
Stlth    ++........             c - amulet of magic regeneration
HPRegen  0.15/turn              (no ring)
MPRegen  0.38/turn              (no ring)

@: frozen ramparts
A: change form in water, swift swim, stealthy swim
a: no special abilities


You were on level 6 of the Dungeon.
You were hungry.

You visited 1 branch of the dungeon, and saw 6 of its levels.

You collected 298 gold pieces.

Inventory:

Hand Weapons
 a - a +0 dagger
   (You found it on level 1 of the Dungeon)
 b - a +0 long sword (weapon)
   (You found it on level 4 of the Dungeon)
Missiles
 d - a throwing net (quivered) {!f}
Armour
 k - a +0 leather armour (worn)
   (You found it on level 1 of the Dungeon)
 r - a +0 pair of gloves (worn)
   (You found it on level 5 of the Dungeon)
 t - a +0 cloak (worn)
   (You found it on level 3 of the Dungeon)
Jewellery
 c - an amulet of magic regeneration (around neck)
   (You took it off a hobgoblin on level 1 of the Dungeon)
 p - an uncursed ring of fire {unknown}
   (You found it on level 5 of the Dungeon)
Scrolls
 f - a scroll of fog
 i - 4 scrolls of teleportation {@r4}
 j - 2 scrolls of magic mapping
 q - a scroll of blinking
Potions
 g - a potion of curing {@q1}
 l - a potion of resistance
 m - 3 potions of stabbing
 o - a potion of might
 s - 2 potions of mutation {!q}
Comestibles
 e - 12 rations {!d}
 h - 2 chunks of flesh


   Skills:
 + Level 5.4 Dodging
 - Level 2.1 Stealth
 + Level 3.7 Spellcasting
 + Level 2.1 Conjurations
 * Level 7.1 Ice Magic


You had 5 spell levels left.
You knew the following spells:

 Your Spells              Type           Power        Failure   Level  Hunger
a - Freeze                Ice            ####         1%          1    None
b - Frozen Ramparts       Ice            ####..       3%          3    ###....
c - Hailstorm             Conj/Ice       ###.....     34%         4    ####...

Your spell library contained the following spells:

 Spells                   Type           Power        Failure   Level  Hunger
 Ensorcelled Hibernation  Hex/Ice        ##....       9%          2    ##.....
 Ozocubu's Armour         Chrm/Ice       ##......     17%         3    ###....
 Corona                   Hex            #......      24%         1    None
 Dazzling Flash           Conj/Hex       #.....       43%         3    ###....
 Summon Ice Beast         Ice/Summ       ##......     50%         4    ####...
 Confusing Touch          Hex            #.......     58%         3    ###....
 Tukima's Dance           Hex            #.......     58%         3    ###....


Dungeon Overview and Level Annotations

Branches:
Dungeon (6/15)
 Temple: D:4-7

Altars:


Message History

The wyvern zombie completely resists.
The wall freezes the wyvern zombie but do no damage.
The wyvern zombie misses you.
You riposte.
You hit the wyvern zombie.
The wyvern zombie completely resists.
The wall freezes the wyvern zombie but do no damage.
The wyvern zombie bites you.
* * * LOW HITPOINT WARNING * * *
You feel better.
The wyvern zombie completely resists.
The wall freezes the wyvern zombie but do no damage.
The wyvern zombie bites you but does no damage.
Aim: a wyvern zombie (moderately damaged)
The wyvern zombie resists.
You freeze the wyvern zombie.
The wyvern zombie completely resists.
The wall freezes the wyvern zombie but do no damage.
The wyvern zombie bites you.
* * * LOW HITPOINT WARNING * * *
Aim: a wyvern zombie (moderately damaged)
The wyvern zombie resists.
You freeze the wyvern zombie.
The frozen ramparts melt away.
The wyvern zombie barely misses you.
You riposte.
You hit the wyvern zombie. The wyvern zombie barely misses you.
You riposte.
You hit the wyvern zombie but do no damage.
The walls around you are covered in ice.
You are feeling hungry.
The wyvern zombie completely resists.
The wall freezes the wyvern zombie but do no damage.
The wyvern zombie barely misses you.
Aim: a wyvern zombie (heavily damaged)
The wyvern zombie resists.
You freeze the wyvern zombie.
The wyvern zombie completely resists.
The wall freezes the wyvern zombie but do no damage.
The wyvern zombie barely misses you.
You riposte.
You hit the wyvern zombie.
Unknown command.
Aim: a wyvern zombie (heavily damaged)
The wyvern zombie completely resists.
You freeze the wyvern zombie but do no damage.
The wyvern zombie completely resists.
The wall freezes the wyvern zombie but do no damage.
The wyvern zombie bites you!
* * * LOW HITPOINT WARNING * * *
The wyvern zombie resists.
The wall freezes the wyvern zombie.
The wyvern zombie resists.
The wall freezes the wyvern zombie.
The wyvern zombie misses you.
The wyvern zombie resists.
The wall freezes the wyvern zombie.
Aim: a wyvern zombie (heavily damaged)
The wyvern zombie resists.
You freeze the wyvern zombie.
The wyvern zombie completely resists.
The wall freezes the wyvern zombie but do no damage.
The wyvern zombie bites you!
You die...

#. #. ## #. .# #.
######. ##. ##.....#
#### ...###..##...##
##...#
#.....###....######..#
#....###.......#.....#
##...##...###..@Z....#
##.รท......##
#########...#
#..##....## .##
..#####..###### # .##
##.......## ##
##.....##..##
#####.....#####.##
.....###### ##.##
...### #..##


You could see a wyvern zombie.

Vanquished Creatures
  An ogre (D:4)
  A howler monkey (D:4)
  A crimson imp (D:5)
  A bullfrog zombie (D:5)
  A centaur skeleton (D:5)
  A hound (D:5)
  4 orc wizards
  Jessica (D:2)
  An iguana (D:6)
  A worker ant zombie (D:5)
  A howler monkey skeleton (D:4)
  7 adders
  2 oozes (D:1)
  An adder skeleton (D:6)
  A worm (D:2)
  2 dart slugs
  7 leopard geckos
  15 orcs
  A giant cockroach (D:1)
  5 goblins
  9 hobgoblins
  7 jackals
  A kobold (D:2)
  5 quokkas
  3 ball pythons
  7 bats
  3 frilled lizards
  A jackal skeleton (D:5)
  7 rats
98 creatures vanquished.

Notes
Turn   | Place    | Note
-------+----------+-------------------------------------------
     0 | D:1      | DavidChitty2 the Merfolk Ice Elementalist began the quest
                  | for the Orb.
     0 | D:1      | Reached XP level 1. HP: 13/13 MP: 3/3
   122 | D:1      | Reached XP level 2. HP: 18/19 MP: 0/5
   537 | D:1      | Reached XP level 3. HP: 24/24 MP: 3/6
   595 | D:1      | Reached skill level 5 in Ice Magic
   868 | D:1      | You fall into a shaft and drop 1 floor!
  1163 | D:1      | Learned a level 3 spell: Frozen Ramparts
  1738 | D:2      | Found a faded altar of an unknown god.
  2101 | D:2      | Noticed Jessica
  2123 | D:2      | Reached XP level 4. HP: 7/30 MP: 1/7
  2125 | D:2      | Killed Jessica
  2377 | D:1      | Learned a level 4 spell: Hailstorm
  2797 | D:3      | Reached XP level 5. HP: 31/35 MP: 6/9
  3462 | D:4      | Reached skill level 6 in Ice Magic
  3525 | D:4      | Reached skill level 1 in Conjurations
  3525 | D:4      | Reached XP level 6. HP: 34/41 MP: 7/10
  4588 | D:5      | Entered Level 5 of the Dungeon
  4941 | D:5      | Reached skill level 5 in Dodging
  4942 | D:5      | Reached XP level 7. HP: 40/46 MP: 9/12
  5089 | D:5      | Reached skill level 7 in Ice Magic
  5808 | D:6      | Slain by a wyvern zombie

Levels and vault maps discovered:
D:1:      sevenhm_arrival_forest_fort_large_1, layout_basic, minmay_tetromino_s2
D:2:      layout_rooms, chequers_ecumenical_altar_simple_redux, uniq_jessica
D:3:      layout_loops_cross, first_ration
D:4:      layout_gridville, minivault_11
D:5:      layout_loops_ring, minmay_misc_feat_encased
D:6:      layout_layer_cave, minmay_temple_entry_trees

Skill      XL: |  1  2  3  4  5  6  7 |
---------------+----------------------+-----
Dodging        | 3 4 5 |  5.4
Ice Magic      | 5 6 7 |  7.1
Spellcasting   | 3 |  3.7
Conjurations   | 1 2 |  2.1
Stealth        | |  2.1

Action                   |  1- 3 |  4- 6 |  7- 9 || total
-------------------------+-------+-------+-------++-------
Melee: Unarmed           |    12 |       |       ||    12
       Falchion          |     4 |    20 |       ||    24
       Long sword        |       |    14 |    15 ||    29
 Cast: Freeze            |    63 |    61 |    52 ||   176
       Frozen Ramparts   |     1 |     9 |     4 ||    14
  Use: Scroll            |       |    12 |       ||    12
       Potion            |       |       |     2 ||     2
 Stab: Sleeping          |       |     1 |     1 ||     2
  Eat: Chunk             |     4 |    10 |     3 ||    17
Armor: Robe              |     2 |       |       ||     2
       Leather armour    |    21 |    22 |    14 ||    57
Dodge: Dodged            |    70 |    74 |    54 ||   198
       Rpst.: Falchion   |     9 |    14 |       ||    23
       Long sword        |       |    13 |    24 ||    37

Table legend:
 A = Non-vault XP
 B = Vault XP
 C = Vault XP percentage of total XP
 D = Non-vault monster count
 E = Vault monster count
 F = Vault count percentage of total count
                 A         B        C        D         E       F
            +---------+---------+-------+---------+---------+-------
      Total |     840 |      43 |   4.9 |      92 |       6 |   6.1
            +---------+---------+-------+---------+---------+-------
        D:1 |      42 |       6 |  12.5 |      15 |       5 |  25.0
        D:2 |      58 |      37 |  38.9 |      23 |       1 |   4.2
        D:3 |      66 |       0 |   0.0 |       8 |       0 |   0.0
        D:4 |     284 |       0 |   0.0 |      19 |       0 |   0.0
        D:5 |     333 |       0 |   0.0 |      23 |       0 |   0.0
        D:6 |      57 |       0 |   0.0 |       4 |       0 |   0.0
            +---------+---------+-------+---------+---------+-------
